 Dungeon Crawl Stone Soup version 0.24.1-5-g77f818bfca (webtiles) character file.

Game seed: 11682362583982190875, levelgen mode: deterministic

1 lepoulpe303 the Sneak (level 1, 0/9 HPs)
             Began as a Spriggan Enchanter on Apr 23, 2020.
             Slain by a goblin
             ... wielding a +0 dagger
              (3 damage)
             ... on level 1 of the Dungeon.
             The game lasted 00:03:48 (356 turns).

lepoulpe303 the Sneak (Spriggan Enchanter)           Turns: 356, Time: 00:03:49

Health: 0/9        AC:  2    Str:  4    XL:     1   Next: 16%
Magic:  5/5        EV: 18    Int: 16    God:
Gold:   0          SH:  0    Dex: 16    Spells: 4/5 levels left

rFire    . . .     SeeInvis +   a - +1 dagger
rCold    . . .     Gourm    .   (shield restricted)
rNeg     . . .     Faith    .   b - +0 robe
rPois    .         Spirit   .   (helmet restricted)
rElec    .         Reflect  .   (no cloak)
rCorr    .         Harm     .   (gloves unavailable)
MR       .....                  (boots unavailable)
Stlth    +++.......             (no amulet)
HPRegen  0.03/turn              (no ring)
MPRegen  0.09/turn              (no ring)

@: very quick
A: very small, unfitting armour, see invisible, herbivore, speed 3, slow
metabolism 2
a: no special abilities


You were on level 1 of the Dungeon.
You were not hungry.

You visited 1 branch of the dungeon, and saw 1 of its levels.

Inventory:

Hand Weapons
 a - a +1 dagger (weapon)
 c - a +1 dagger of venom
Armour
 b - a +0 robe (worn)
Comestibles
 e - 3 rations


   Skills:
 + Level 1.2 Short Blades
 - Level 3.0 Dodging
 + Level 4.5 Stealth
 - Level 2.6 Spellcasting
 - Level 3.6 Hexes


You had 4 spell levels left.
You knew the following spells:

 Your Spells              Type           Power        Failure   Level  Hunger
v - Corona                Hex            ##.....      4%          1    #......

Your spell library contained the following spells:

 Spells                   Type           Power        Failure   Level  Hunger
 Confuse                  Hex            ##......     13%         3    ###....
 Tukima's Dance           Hex            ##......     13%         3    ###....
 Ensorcelled Hibernation  Hex/Ice        #.....       14%         2    ##.....
 Dazzling Spray           Conj/Hex       #.....       28%         3    ###....


Dungeon Overview and Level Annotations

Branches:
Dungeon (1/15)

Altars:


Innate Abilities, Weirdness & Mutations

You are very small and have problems with some larger weapons.
You are too small for most types of armour.
You have supernaturally acute eyesight. (SInv)
You are a herbivore.
You cover ground extremely quickly.
You need to consume almost no food.


Message History

The jackal closely misses you. The jackal barely misses you.
The jackal completely misses you.
You start resting.
The jackal misses you.
You barely miss the jackal. The jackal misses you.
You hit the jackal. The jackal barely misses you.
You hit the jackal. The jackal bites you.
* * * LOW HITPOINT WARNING * * *
The jackal completely misses you.
You take 2 damage, and have 2/9 hp.
MASSIVE DAMAGE!!
The jackal barks!
The frilled lizard hisses angrily. 2 jackals come into view.
There are monsters nearby!
You start resting.
The goblin is too close now for your liking.
You hit the goblin. The goblin misses you.
You completely miss the goblin. The goblin hits you with a +0 dagger.
You die...

### ####.#.......
#......#.....
#####.####..#h##.#
#......$##.##.# #
#.###.#.##.. h.
#.# #.#.##### ##
#.# ..# #
#.##g##.#
#..@....#
####.#### #.. #.#
.# #


You could see a goblin.

Levels and vault maps discovered:
D:1:      dpeg_arrival_orchard, layout_loops_cross

Notes
Turn   | Place    | Note
-------+----------+-------------------------------------------
     0 | D:1      | lepoulpe303 the Spriggan Enchanter began the quest for the
                  | Orb.
     0 | D:1      | Reached XP level 1. HP: 9/9 MP: 5/5
     2 | D:1      | Identified a cursed -1 dagger
    55 | D:1      | Identified a +0 dagger
    58 | D:1      | Identified a +0 dagger
    94 | D:1      | HP: 2/9 [jackal (2)]
   154 | D:1      | Identified a +0 club
   163 | D:1      | HP: 2/9 [kobold/+0 dagger (2)]
   289 | D:1      | HP: 2/9 [jackal (2)]
   356 | D:1      | Slain by a goblin

Table legend:
 A = Turns spent in this place as a percentage of turns spent in the entire game.
 B = Non-inter-level travel turns spent in this place as a percentage of non-inter-level travel turns spent in the entire game.
 C = Inter-level travel turns spent in this place as a percentage of turns spent in this place.
 D = Turns resting spent in this place as a percentage of non-inter-level travel turns spent in this place.
 E = Turns spent auto-exploring this place as a percentage of non-inter-level travel turns spent in this place.
 F = Non-inter-level travel turns spent in this place divided by the number of levels of this place that you've seen.
                   A       B       C       D       E      F
               +-------+-------+-------+-------+-------+----------------------
         Total | 100.0 | 100.0 |   0.0 |   7.0 |   0.6 | 356.0
       Dungeon | 100.0 | 100.0 |   0.0 |   7.0 |   0.6 | 356.0
               +-------+-------+-------+-------+-------+----------------------

Table legend:
 A = Kills in this place as a percentage of kills in entire the game.
 B = Kills by you in this place as a percentage of kills by you in the entire game.
 C = Kills by friends in this place as a percentage of kills by friends in the entire game.
 D = Other kills in this place as a percentage of other kills in the entire game.
 E = Experience gained in this place as a percentage of experience gained in the entire game.
 F = Experience gained in this place divided by the number of levels of this place that you have seen.
                   A       B       C       D       E      F
               +-------+-------+-------+-------+-------+----------------------
         Total | 100.0 | 100.0 |   N/A |   N/A | 100.0 |   2.0
       Dungeon | 100.0 | 100.0 |   N/A |   N/A | 100.0 |   2.0
               +-------+-------+-------+-------+-------+----------------------

Action                   || total
-------------------------++-------
Melee: Dagger            ||    18
Armor: Robe              ||     1
Dodge: Dodged            ||    25

Vanquished Creatures
  A bat (D:1)
1 creature vanquished.
